 Dungeon Crawl Stone Soup version 0.27-a0-1431-gcffa5a9b16 (webtiles) character file.

Game seed: 8285043934011716202

11104 barkas the Cleaver (level 11, -9/93 HPs)
             Began as a Naga Fighter on July 2, 2021.
             Was a High Priest of Hepliaklqana.
             Killed from afar by an ice statue (16 damage)
             ... with a shard of ice
             ... in an ice cave.
             The game lasted 00:17:39 (12649 turns).

barkas the Cleaver (Naga Fighter)                  Turns: 12649, Time: 00:17:40

Health: -9/93      AC:  9    Str: 22    XL:     11   Next: 72%
Magic:  14/17      EV:  7    Int:  8    God:    Hepliaklqana [*****.]
Gold:   708        SH: 11    Dex: 11    Spells: 10/10 levels left

rFire    + . .     SeeInvis +   a - +0 war axe
rCold    + + .     Faith    .   c - +0 kite shield
rNeg     . . .     Spirit   .   Q - +1 scale mail of the Snail {rPois Slay+5}
rPois    +         Reflect  .   (no helmet)
rElec    .         Harm     .   p - scarf {rC+ rF+}
rCorr    .         Rampage  .   o - +0 pair of gloves
Will     +....                  (no barding)
Stlth    +++.......             L - amulet of regeneration
HPRegen  1.25/turn              S - ring of flight
MPRegen  0.15/turn              M - ring of protection from cold

@: mighty, flying, very slightly contaminated, hasted, studying 2 skills,
invisible, quick
A: reduced essence, AC +3, large, see invisible, deformed body, poison
resistance, slowness 2, spit poison 1, naga tail 1
a: Spit Poison, Renounce Religion, Recall Ancestor, Ancestor Identity,
Transference, Idealise


You were in an ice cave.
You worshipped Hepliaklqana.
Hepliaklqana was extremely pleased with you.
You visited 4 branches of the dungeon, and saw 15 of its levels.
You also visited: Ice Cave.

You collected 786 gold pieces.
You spent 78 gold pieces at shops.

Inventory:

Hand Weapons
 a - a +0 war axe (weapon)
 r - a +3 spear
Missiles
 e - 80 poisoned darts (quivered)
 f - 455 stones
 P - a curare-tipped dart
Armour
 c - a +0 kite shield (worn)
 k - a +1 cloak
 o - a +0 pair of gloves (worn)
 p - a scarf of resistance (worn)
 I - +0 steam dragon scales
 K - a +3 scale mail
 Q - the +1 scale mail of the Snail (worn) {rPois Slay+5}
   (You found it on level 10 of the Dungeon)

   Slay:      It affects your accuracy & damage with ranged weapons and melee
   (+5).
   rPois:     It protects you from poison.
Magical Staves
 y - a staff of fire
Jewellery
 b - an amulet of guardian spirit
 u - a ring of magical power
 L - an amulet of regeneration (around neck)
 M - a ring of protection from cold (right hand)
 S - a ring of flight (left hand)
Wands
 g - a wand of polymorph (7)
 t - a wand of iceblast (8)
 z - a wand of acid (3)
Scrolls
 w - 2 scrolls of magic mapping
 A - a scroll of summoning {unknown}
 B - a scroll of blinking {unknown}
 C - 4 scrolls of teleportation
 E - 4 scrolls of enchant armour {unknown}
 F - 4 scrolls of noise {unknown}
 J - 2 scrolls of amnesia
 N - a scroll of acquirement {unknown}
 R - a scroll of vulnerability {unknown}
Potions
 h - a potion of invisibility
 j - 4 potions of haste
 m - 2 potions of mutation
 n - 2 potions of curing
 q - 2 potions of magic
 s - 2 potions of cancellation {unknown}
 v - 2 potions of heal wounds {unknown}
 x - a potion of resistance {unknown}
 G - a potion of attraction {unknown}
 H - 2 potions of berserk rage {unknown}
Miscellaneous
 O - a lightning rod (4/4)


   Skills:
 + Level 8.6 Fighting
 * Level 11.5 Axes
 - Level 2.4 Armour
 - Level 10.0 Stealth
 + Level 7.2 Shields
 + Level 8.0 Invocations


You had 10 spell levels left.
You didn't know any spells.
Your spell library contained the following spells:

 Spells                   Type           Power      Damage    Failure   Level
 Animate Skeleton         Necr           0%         N/A       86%         1
 Apportation              Tloc           0%         N/A       86%         1
 Corona                   Hex            0%         N/A       86%         1
 Pain                     Necr           0%         1d4       86%         1
 Sandblast                Erth           0%         2d4       86%         1
 Shock                    Conj/Air       0%         1d3       86%         1
 Summon Small Mammal      Summ           0%         N/A       86%         1
 Ensorcelled Hibernation  Hex/Ice        0%         N/A       94%         2
 Passwall                 Tmut/Erth      0%         N/A       94%         2
 Slow                     Hex            0%         N/A       94%         2
 Sublimation of Blood     Necr           0%         N/A       94%         2
 Wereblood                Tmut           0%         N/A       94%         2
 Confusing Touch          Hex            0%         N/A       99%         3
 Conjure Flame            Conj/Fire      0%         6-21      99%         3
 Gell's Gravitas          Tloc           0%         N/A       99%         3
 Ignite Poison            Fire/Tmut/Pois 0%         N/A       99%         3
 Spider Form              Tmut/Pois      0%         N/A       99%         3
 Stone Arrow              Conj/Erth      0%         3d7       99%         3
 Swiftness                Air            0%         N/A       99%         3
 Teleport Other           Tloc           0%         N/A       99%         3
 Vampiric Draining        Necr           0%         2d6       99%         3
 Airstrike                Air            0%         N/A       100%        4
 Fulminant Prism          Conj/Hex       0%         3d6       100%        4
 Iskenderun's Mystic Bla  Conj/Tloc      0%         2d3       100%        4
 Sticky Flame             Conj/Fire      0%         2d3       100%        4
 Agony                    Necr           0%         N/A       100%        5
 Bolt of Magma            Conj/Fire/Erth 0%         4d4       100%        5
 Excruciating Wounds      Necr           0%         N/A       100%        5
 Lee's Rapid Deconstruct  Erth           0%         3d5*      100%        5
 Dispersal                Tloc           0%         N/A       100%        6
 Shadow Creatures         Summ           N/A        N/A       100%        6
 Summon Hydra             Summ           0%         N/A       100%        7
 Shatter                  Erth           0%         3d5*      100%        9


Dungeon Overview and Level Annotations

Branches:
Dungeon (12/15)            Temple (1/1) D:4            Lair (1/6) D:10
    Orc (1/2) D:10          IceCv (1/1)

Altars:
Ashenzari
Dithmenos
Elyvilon
Hepliaklqana
Kikubaaqudgha
Makhleb
Nemelex Xobeh
Qazlal
Ru
Trog
Uskayaw
Vehumet
Yredelemnul

Shops:
D:6 ?

Annotations:
D:2 1 runed translucent door, Crazy Yiuf IceCv 1 transporter, exclusion: 2 ice statues


Innate Abilities, Weirdness & Mutations

Your life essence is reduced to manifest your ancestor. (-10% HP)
Your serpentine skin is tough. (AC +3)
You have supernaturally acute eyesight. (SInv)
Armour fits poorly on your strangely shaped body.
Your system is resistant to poisons. (rPois)
You cover ground very slowly.
You can spit poison.
You have a snake-like lower body.


Message History

You hit the ice statue but do no damage.
You slash the ice beast! The ice beast closely misses you.
Unknown command.
Unknown command.
You slice the white ugly thing!!
The white ugly thing is heavily wounded.
You slash the ice beast!
You hit the ice statue but do no damage.
You catch the helpless ice beast completely off-guard!
You slash the ice beast! The white ugly thing claws you.
* * * LOW HITPOINT WARNING * * *
The white ugly thing freezes you. You resist.
* * * LOW HITPOINT WARNING * * *
You block the ice beast's attack.
Unknown command.
You barely miss the white ugly thing.
The white ugly thing is heavily wounded.
You strike the helpless ice beast from behind!
You slash the ice beast!
You kill the ice beast!
You hit the ice statue. You closely miss the ice beast.
The white ugly thing claws you but does no damage.
Unknown command.
You barely miss the white ugly thing.
The white ugly thing is heavily wounded.
You barely miss the ice beast.
You strike the helpless ice statue from behind!
You hit the ice statue.
The ice beast hits you but does no damage.
Unknown command.
Unknown command.
You completely miss the white ugly thing.
The white ugly thing is heavily wounded.
You slash the ice beast!
You kill the ice beast!
You hit the ice statue.
You block the white ugly thing's attack.
The ice statue gestures at you. The shard of ice hits you!
You partially resist.
You die...

#######
##.....##
##...∩...##
##.........##
#.....©.....#
#...........#
##...........#
#.....@u......#
#....8...8....#
#......(......#
##....?.(....##
#...8.).8...#
##...$©$...##
###########


You could see 2 ice statues and a white ugly thing.

Vanquished Creatures
  An ugly thing (IceCv)
  A komodo dragon (D:11)
  A rime drake (Lair:1)
  A troll (D:11)
  A blink frog (Lair:1)
  2 shadows
  2 wyverns
  Sigmund (D:2)
  Eustachio (D:5)
  2 steam dragons
  A sky beast (D:5)
  6 ice beasts
  An orc warrior (D:9)
  3 necrophages (D:10)
  3 centaurs
  A phantom (D:10)
  Blork the orc (D:5)
  A kobold brigand (D:10)
  4 bullfrogs
  A gnoll sergeant (D:5)
  2 scorpions
  A wyvern skeleton (D:7)
  5 killer bees
  A water moccasin skeleton (D:4)
  6 wights
  2 howler monkeys
  A human zombie (D:10)
  A jelly (D:7)
  9 centaur zombies
  An orc priest (D:8)
  A centaur skeleton (D:4)
  3 iguanas
  Jessica (D:2)
  3 orc wizards
  3 ogre zombies (D:10)
  A hound zombie (D:5)
  A hound skeleton (D:4)
  A mummy (D:10)
  2 howler monkey zombies
  2 gnolls (D:5)
  5 adders
  2 shadow imps
  2 worms
  3 dart slugs
  12 orcs
  9 bats
  5 endoplasms
  2 giant cockroaches
  8 goblins
  2 hobgoblins
  5 jackals
  5 quokkas
  6 ball pythons
  5 frilled lizards
  A goblin skeleton (D:10)
  A goblin zombie (D:10)
  3 hobgoblin skeletons (D:10)
  A hobgoblin zombie (D:10)
  9 kobolds
  2 orc skeletons (D:10)
  11 orc zombies (D:10)
  3 rats
184 creatures vanquished.

Vanquished Creatures (collateral kills)
  A two-headed ogre (D:8)
  A centaur zombie (D:10)
  A rime drake (Lair:1)
  3 blink frogs (Lair:1)
  A shadow (D:10)
  2 wyverns
  A steam dragon (D:10)
  A two-headed ogre zombie (D:10)
  An ice beast (IceCv)
  An orc warrior (D:8)
  A centaur (D:6)
  A scorpion (D:4)
  A troll zombie (D:10)
  5 killer bees
  A howler monkey (D:8)
  3 wights (D:8)
  A bullfrog zombie (D:5)
  A hound (D:5)
  3 orc wizards
  3 ogre zombies (D:10)
  A hound zombie (D:5)
  A hound skeleton (D:5)
  A mummy (D:10)
  A gnoll (D:5)
  An adder (D:6)
  An orc (D:9)
  A hobgoblin (D:4)
  A jackal (D:5)
  A kobold (D:10)
  6 orc zombies (D:10)
48 creatures vanquished.

Vanquished Creatures (others)
  A hexer (IceCv)
  3 plants
4 creatures vanquished.

Grand Total: 236 creatures vanquished

Notes
Turn   | Place    | Note
-------+----------+-------------------------------------------
     0 | D:1      | barkas the Naga Fighter began the quest for the Orb.
     0 | D:1      | Reached XP level 1. HP: 21/21 MP: 1/1
   300 | D:1      | Reached XP level 2. HP: 28/28 MP: 2/2
   807 | D:1      | Reached XP level 3. HP: 34/34 MP: 3/3
  1179 | D:2      | Noticed Jessica
  1344 | D:2      | Killed Jessica
  1345 | D:2      | Reached skill level 3 in Axes
  1345 | D:2      | Reached XP level 4. HP: 42/42 MP: 4/4
  1396 | D:2      | Found a bloodstained altar of Trog.
  1410 | D:2      | Noticed Sigmund
  1421 | D:2      | Killed Sigmund
  1422 | D:2      | Reached skill level 4 in Axes
  1422 | D:2      | Reached XP level 5. HP: 32/50 MP: 5/5
  1761 | D:2      | Reached XP level 6. HP: 57/57 MP: 6/6
  1956 | D:2      | Found a runed translucent door.
  2050 | D:2      | Noticed Crazy Yiuf
  2299 | D:3      | Found a hazy altar of Hepliaklqana.
  2300 | D:3      | Found a broken altar of Ashenzari.
  2301 | D:3      | Found a shadowy altar of Dithmenos.
  2321 | D:3      | Became a worshipper of Hepliaklqana the Forgotten
  2855 | D:3      | Found a faded altar of an unknown god.
  2947 | D:4      | Reached skill level 1 in Stealth
  3193 | D:4      | Reached skill level 5 in Axes
  3208 | D:4      | Reached * piety under Hepliaklqana
  3310 | D:4      | Found a staircase to the Ecumenical Temple.
  3418 | D:4      | Reached skill level 1 in Invocations
  3421 | D:4      | Reached XP level 7. HP: 52/59 MP: 7/7
  3827 | D:4      | Found a stormy altar of Qazlal.
  4102 | Temple   | Entered the Ecumenical Temple
  4169 | D:5      | Entered Level 5 of the Dungeon
  4169 | D:5      | Found a radiant altar of Vehumet.
  4171 | D:5      | Noticed Blork the orc
  4440 | D:5      | Found a bloodstained altar of Trog.
  4527 | D:5      | Reached skill level 5 in Stealth
  4651 | D:5      | Found a burning altar of Makhleb.
  4659 | D:5      | Reached skill level 6 in Axes
  4659 | D:5      | Reached XP level 8. HP: 64/65 MP: 9/9
  4739 | D:5      | Noticed Eustachio
  4743 | D:5      | Found an ancient bone altar of Kikubaaqudgha.
  4754 | D:5      | Killed Eustachio
  4755 | D:5      | Reached skill level 5 in Fighting
  4786 | D:5      | Reached ** piety under Hepliaklqana
  4787 | D:5      | Remembered your ancestor Cuetlachtli as a hexer
  4823 | D:5      | Killed Blork the orc
  5481 | D:6      | Found Enuuxigoy's Magic Scroll Emporium.
  5493 | D:6      | Bought a scroll of magic mapping for 42 gold pieces
  5493 | D:6      | Bought a scroll of teleportation for 36 gold pieces
  5927 | D:7      | Reached skill level 7 in Axes
  6515 | D:7      | Reached XP level 9. HP: 73/73 MP: 11/11
  7221 | D:8      | Reached *** piety under Hepliaklqana
  7253 | D:8      | Reached skill level 5 in Shields
  7599 | D:8      | Reached skill level 8 in Axes
  8233 | D:8      | Reached skill level 5 in Invocations
  8578 | D:8      | Noticed a two-headed ogre
  8582 | D:8      | Killed a two-headed ogre
  8583 | D:8      | Reached skill level 9 in Axes
  8583 | D:8      | Reached XP level 10. HP: 82/82 MP: 14/14
  8595 | D:8      | Found a sparkling altar of Nemelex Xobeh.
  8595 | D:8      | Found a white marble altar of Elyvilon.
  9177 | D:8      | Found a hide-covered altar of Uskayaw.
  9426 | D:9      | Reached **** piety under Hepliaklqana
  9477 | D:9      | Found a sacrificial altar of Ru.
  9984 | D:10     | Entered Level 10 of the Dungeon
 10101 | D:10     | Found a staircase to the Orcish Mines.
 10607 | D:10     | Identified the +1 scale mail of the Snail {rPois Slay+5}
 10684 | D:10     | Found a staircase to the Lair.
 10944 | D:10     | Reached skill level 10 in Axes
 10987 | D:10     | Found a basalt altar of Yredelemnul.
 11013 | D:10     | Reached XP level 11. HP: 92/92 MP: 16/16
 11426 | Orc:1    | Entered Level 1 of the Orcish Mines
 11426 | Orc:1    | Noticed a two-headed ogre
 11527 | D:11     | Reached ***** piety under Hepliaklqana
 11661 | D:11     | Reached skill level 11 in Axes
 12313 | Lair:1   | Entered Level 1 of the Lair of Beasts
 12411 | Lair:1   | Found a frozen archway.
 12462 | IceCv    | Entered an ice cave
 12462 | IceCv    | Noticed a white ugly thing
 12473 | IceCv    | Killed a white ugly thing
 12474 | IceCv    | Reached skill level 10 in Stealth
 12517 | IceCv    | Found a transporter.
 12636 | IceCv    | Noticed a white ugly thing
 12639 | IceCv    | Found a transporter.
 12649 | IceCv    | Killed from afar by an ice statue

Illustrated notes

Levels and vault maps discovered:
D:1:      dpeg_arrival_snail, layout_basic
D:2:      layout_rooms, basic_altar, minivault_11, uniq_jessica, uniq_sigmund,
          uniq_crazy_yiuf_cottage
D:3:      layout_loops_ring, chequers_temple_overflow_statue_of_worship,
          shapermc_ecumenical_altar_mp_vishouse
D:4:      layout_basic, lemuel_crystal_altar, minmay_temple_entry_stoned_glass
D:5:      layout_cave_pools, kennysheep_mini_moat, makhleb_blood_cavern_becter,
          bloody_trog, nicolae_vehumet_radiance, uniq_blork_the_orc,
          uniq_eustachio
D:6:      layout_loops_ring, serial_shops, nicolae_shop_crystal,
          serial_bayou_pond_c, feat_on_display
D:7:      layout_layer_cave, nrook_mini_vaults
D:8:      layout_loops_corners, nicolae_uskayaw_suspiria, jmf_multi_god_temple
D:9:      layout_irregular_city, nicolae_ru_the_path_less_chosen
D:10:     layout_basic, lemuel_mausoleum_altar_yredelemnul, lair_entry_dummy,
          zombieorc2_lemuel
D:11:     layout_loops_ring
D:12:     layout_irregular_city, serial_column_ruins, column_ruins_temple_hall,
          column_ruins_columns_corner, column_ruins_corridor_straight,
          column_ruins_grid_1, column_ruins_grid_1, hex_medium,
          nicolae_hepliaklqana_hazy_memory
Temple:   corrupted_temple
Lair:1:   layout_cellular_growth, portal_ice_cave_rime, beast_lair_carwin_5
Orc:1:    layout_caves, guppyfry_library_mini
IceCv:    ice_cave_statue_garden_transporter

Skill      XL: |  1  2  3  4  5  6  7  8  9 10 11 |
---------------+----------------------------------+-----
Axes           | 3 4 5 6 7 9 10 11 | 11.5
Fighting       | 4 5 6 7 8 |  8.6
Shields        | 3 4 5 6 7 |  7.2
Stealth        | 2 5 8 10 | 10.0
Invocations    | 1 2 3 5 7 8 |  8.0
Armour         | |  2.4

Action                   |  1- 3 |  4- 6 |  7- 9 | 10-12 || total
-------------------------+-------+-------+-------+-------++-------
Melee: War axe           |    58 |   126 |   188 |   246 ||   618
Throw: Stone             |     3 |       |       |       ||     3
Invok: Recall Ancestor   |       |       |     1 |       ||     1
       Ancestor Life: He |       |       |     1 |       ||     1
       Idealise          |       |       |       |     1 ||     1
 Abil: Spit Poison       |    10 |    15 |    30 |     7 ||    62
Evoke: Wand              |       |       |     5 |       ||     5
  Use: Potion            |       |     1 |     3 |     4 ||     8
       Scroll            |       |       |     4 |     6 ||    10
 Stab: Distracted        |       |       |     5 |     4 ||     9
       Confused          |       |       |     4 |     6 ||    10
       Sleeping          |       |       |     1 |     7 ||     8
       Invisible         |       |       |       |     4 ||     4
Armor: Scale mail        |    39 |    84 |    99 |    98 ||   320
       Chain mail        |       |       |     7 |       ||     7
       Steam dragon scal |       |       |     4 |    38 ||    42
Dodge: Dodged            |    10 |    25 |    79 |    67 ||   181
Block: Kite shield       |    33 |    92 |   139 |   142 ||   406

Table legend: (Time is in decaauts)
 A = Elapsed time spent in this place.
 B = Non-inter-level travel time spent in this place.
 C = Inter-level travel time spent in this place.
 D = Time resting spent in this place.
 E = Time spent auto-exploring this place.
 F = Levels seen in this place.
 G = Mean time per level.
                   A        B        C        D        E       F      G
               +--------+--------+--------+--------+--------+-----+--------+
         Total |  16152 |  15247 |    905 |   1675 |  11572 |  16 | 1009.5 |
       Dungeon |  15779 |  14896 |    883 |   1515 |  11572 |  12 | 1314.9 |
        Temple |      1 |      1 |      0 |      0 |      0 |   1 |    1.0 |
          Lair |    179 |    157 |     22 |     19 |      0 |   1 |  179.0 |
  Orcish Mines |      1 |      1 |      0 |      0 |      0 |   1 |    1.0 |
      Ice Cave |    189 |    189 |      0 |    141 |      0 |   1 |  189.0 |
               +--------+--------+--------+--------+--------+-----+--------+

Top non-repeatable levels by time:
     D:7: 2116 daAuts
     D:8: 1985 daAuts
    D:10: 1888 daAuts
     D:4: 1870 daAuts
     D:1: 1746 daAuts
     D:6: 1245 daAuts
    D:11: 1129 daAuts
     D:3: 1098 daAuts
     D:2: 1019 daAuts
     D:9: 931 daAuts
     D:5: 727 daAuts
   IceCv: 189 daAuts
  Lair:1: 179 daAuts
    D:12: 21 daAuts
  Temple: 1 daAuts
